 Dungeon Crawl Stone Soup version 0.28.0-53-g5a82cb258f (webtiles) character file.

Game seed: 10714541662515645977

44 ZombieQueen the Skirmisher (level 3, -9/30 HPs)
             Began as a Djinni Berserker on Aug 9, 2022.
             Was a Believer of Trog.
             Killed by nerve-wracking pain
             ... invoked by an orc priest
              (10 damage)
             ... on level 3 of the Dungeon.
             The game lasted 00:02:49 (2073 turns).

ZombieQueen the Skirmisher (Djinni Berserker)       Turns: 2073, Time: 00:02:50

Health: -9/30      AC:  6    Str: 18    XL:     3   Next: 87%
Gold:   87         EV: 12    Int:  8    God:    Trog [**....] SH:  0 Dex: 12

rFire   + + .      SeeInvis .   a - +0 hand axe
rCold   x . .      Faith    .   (no shield)
rNeg    . . .      Spirit   .   h - +3 leather armour
rPois   ∞          Reflect  .   (no helmet)
rElec   .          Harm     .   (no cloak)
rCorr   .          Rampage  .   (no gloves)
Will    .....                   (boots unavailable)
Stlth   +.........              (no amulet)
HPRegen 0.10/turn               (no ring)
MPRegen 0.00/turn               (no ring)

@: flying
A: sickness immunity, fire resistance 2, cold vulnerability 1, float, innate
caster, HP casting, extra vitality 1
a: Renounce Religion, Berserk, Trog's Hand


You were on level 3 of the Dungeon.
You worshipped Trog.
Trog was pleased with you.
You visited 1 branch of the dungeon, and saw 3 of its levels.

You collected 87 gold pieces.

Inventory:

Hand Weapons
 a - a +0 hand axe (weapon)
Armour
 h - a +3 leather armour (worn)
Jewellery
 d - a ring of fire
 f - an amulet of regeneration
 g - a ring of willpower
Scrolls
 b - a scroll of torment {unknown}
 c - a scroll of fear {unknown}
 j - a scroll of vulnerability {unknown}
 k - a scroll of amnesia {unknown}
Potions
 e - 3 potions of curing {unknown}
 i - a potion of lignification {unknown}


   Skills:
 + Level 3.6 Fighting
 + Level 3.0 Axes
 + Level 2.1 Armour
 + Level 2.7 Dodging


You had one spell level left.
You knew the following spells:

 Your Spells              Type           Power      Damage    Failure   Level
a - Summon Small Mammal   Summ           0%         N/A       45%         1
Your spell library was empty.

Dungeon Overview and Level Annotations

Branches:
Dungeon (3/15)

Altars:
Zin


Innate Abilities, Weirdness & Mutations

You are immune to sickness and miasma.
You are immune to poison.
Your flesh is very heat resistant. (rF++)
You are vulnerable to cold. (rC-)
You float through the air rather than walking.
You learn spells naturally, not from books.
Your magical power is your life essence.
You have superior vitality. (+4 MHP)


Message History

An orc comes into view. It is wielding a +0 hand axe.
The orc priest moves out of view.
The orc shouts!
You slash the quokka!
You kill the quokka!
Trog accepts your kill.
The orc throws a boomerang.
The boomerang hits you but does no damage.
Found a whip.
You see here a quokka corpse.
The orc priest hits you but does no damage.
You barely miss the orc priest.
A ball python comes into view.
The orc barely misses you.
The orc priest hits you but does no damage.
The orc throws a boomerang.
The boomerang hits you.
You closely miss the orc priest. The orc misses you.
The orc priest calls down the wrath of Beogh upon you.
Beogh smites you!
The orc throws a boomerang.
The boomerang misses you.
A kobold comes into view. It is wielding a +0 short sword.
The kobold shouts!
You hit the orc priest.
The orc priest is heavily wounded.
The orc barely misses you. The orc priest closely misses you.
You closely miss the orc priest.
The orc priest is heavily wounded.
The orc closely misses you.
The orc priest hits you with a +0 short sword.
You closely miss the orc priest.
The orc priest is moderately wounded.
You hit the orc. The orc hits you but does no damage.
The orc hits you from afar with a +0 trident!
The orc priest hits you with a +0 short sword.
* * * LOW HITPOINT WARNING * * *
The orc hits you but does no damage.
The orc hits you from afar with a +0 trident!
* * * LOW HITPOINT WARNING * * *
The orc priest invokes the aid of Beogh against you.
Pain shoots through your body!
You die...

#.# #. #########.# #.
#.........###
.#.##.###.#.........#
|...........^.....#.#
...#.#.##..#####.#.# ###
#.#.##..# #.#.# .
.....#.#†##..# #.#.##.
#..o@.##..# ##......
...K.oo..##..# #....<..
###...S...#.............
#........(.....#.......
...........#.##.##......
...........# .. .....##.
###.......## ##.##.### .
##......# # #. . #. #


You could see an orc priest, 2 orcs, a ball python and a kobold.

Vanquished Creatures
  An adder (D:2)
  A worm (D:2)
  A dart slug (D:2)
  3 bats
  2 endoplasms (D:1)
  5 giant cockroaches
  A goblin (D:1)
  4 kobolds
  3 quokkas
  3 ball pythons
  4 frilled lizards
  2 rats
30 creatures vanquished.

Notes
Turn   | Place    | Note
-------+----------+-------------------------------------------
     0 | D:1      | ZombieQueen the Djinni Berserker began the quest for the
                  | Orb.
     0 | D:1      | Reached XP level 1. HP: 20/20 MP: 0/0
   200 | D:1      | Reached XP level 2. HP: 22/25 MP: 0/0
   620 | D:1      | Found a faded altar of an unknown god.
   988 | D:2      | Reached XP level 3. HP: 30/30 MP: 0/0
   988 | D:2      | Learned a level 1 spell: Summon Small Mammal
  1312 | D:2      | Found a glowing silver altar of Zin.
  1465 | D:2      | Reached ** piety under Trog
  2073 | D:3      | HP: 1/30 [orc/+0 trident (8)]
  2073 | D:3      | Killed from afar by an orc priest

Illustrated notes

Levels and vault maps discovered:
D:1:      nicolae_arrival_washed_ashore, layout_basic,
          shapermc_ecumenical_altar_mp_urbaneastern
D:2:      wander_river, layout_basic, basic_altar
D:3:      layout_loops_ring, serial_shops, shop, patterned_corridor

Skill      XL: |  1  2  3 |
---------------+----------+-----
Axes           | 3 |  3.0
Fighting       | |  3.6
Armour         | |  2.1
Dodging        | |  2.7

Action                   || total
-------------------------++-------
Melee: Hand axe          ||   116
       Punch             ||     2
 Stab: Sleeping          ||     1
Armor: Animal skin       ||     5
       Leather armour    ||    31
Dodge: Dodged            ||    77
